 Dungeon Crawl Stone Soup version 0.14-a0-770-g009d3a2 (webtiles) character file.

1645 Daniel the Carver (level 8, -3/61 HPs)
             Began as a Djinni Gladiator on Nov 9, 2013.
             Was a Believer of Makhleb.
             Slain by a giant frog (5 damage)
             ... on Level 7 of the Dungeon.
             The game lasted 00:21:05 (3174 turns).

Daniel the Carver (Djinni Gladiator)                Turns: 3174, Time: 00:21:06

HP  -3/61        AC  7     Str 16      XL: 8   Next: 43%
MP   0/0         EV  9     Int 11      God: Makhleb [**....]
Gold 229         SH  0     Dex 13      Spells:  0 memorised,  7 levels left

Res.Fire  : + + +   See Invis. : .   d - +0,+2 long sword
Res.Cold  : x . .   Warding    : +   h - +0 ring mail
Life Prot.: + + +   Conserve   : .   (no shield)
Res.Poison: .       Res.Corr.  : .   c - +0 helmet
Res.Elec. : .       Clarity    : .   E - +0 elf cloak (curse)
Sust.Abil.: . .     Spirit.Shd : .   (no gloves)
Res.Mut.  : .       Stasis     : .   (boots unavailable)
Res.Rott. : .       Flight     : +   n - amulet of warding
Saprovore : . . .                    (no ring)
                                     (no ring)

@: flying, slightly resistant to hostile enchantments, unstealthy
A: fire immunity, cold vulnerability, life protection 3
a: Minor Destruction, Renounce Religion


You were on level 7 of the Dungeon.
You worshipped Makhleb.
Makhleb was pleased with you.
You were not hungry.

You visited 2 branches of the dungeon, and saw 8 of its levels.

You collected 229 gold pieces.

Inventory:

Hand weapons
 a - a +0,+0 falchion
 d - a +0,+2 long sword (weapon)
Missiles
 b - 8 needles of confusion
 l - 5 sling bullets of flame
 m - a throwing net [frayed] (quivered)
Armour
 c - a +0 helmet (worn)
 h - a +0 ring mail (worn)
 w - a +0 shield
 E - a cursed +0 elven cloak (worn)
Magical devices
 g - a wand of paralysis (5)
 o - a wand of lightning (0)
 s - a wand of frost (2)
Scrolls
 e - 7 scrolls of remove curse
 f - a scroll of amnesia
 i - a scroll of identify
 j - a scroll of fog {unknown}
 k - a scroll of blinking {unknown}
 p - a scroll of enchant weapon III {unknown}
 q - 3 scrolls of teleportation
 r - 2 scrolls of curse jewellery {unknown}
 t - 3 scrolls of noise {unknown}
 x - a scroll of magic mapping {unknown}
 C - a scroll of enchant weapon II {unknown}
 D - a scroll of enchant weapon I {unknown}
 F - a scroll of enchant armour {unknown}
Jewellery
 n - an amulet of warding (around neck)
Potions
 u - a potion of poison {unknown}
 v - a potion of berserk rage {unknown}
 A - 2 potions of flight {unknown}
 B - a potion of restore abilities {unknown}
Books
 z - a book of Summonings

   Spells                             Type                      Level
   Abjuration                         Summoning                    3
   Recall                             Summoning/Translocation      3
   Summon Elemental                   Summoning                    4
   Shadow Creatures                   Summoning                    5
   Summon Demon                       Summoning                    5
   Summon Ugly Thing                  Summoning                    6


   Skills:
 - Level 1.7 Fighting
 * Level 10.4 Long Blades
 - Level 1.7 Throwing
 - Level 2.6 Dodging
 + Level 2.3 Invocations


You had 7 spell levels left.
You didn't know any spells.

Dungeon Overview and Level Annotations

Branches:
Dungeon (7/27)             Temple (1/1) D:5
    Orc: D:6-11

Altars:
Ashenzari
Elyvilon
Fedhas
Kikubaaqudgha
Makhleb
Nemelex Xobeh
Okawaru
Sif Muna
Trog
Vehumet
Xom
Yredelemnul
the Shining One

Annotations:
D:3 Daniel's ghost, average HEGl


Innate Abilities, Weirdness & Mutations

You are immune to all types of fire, even holy and hellish.
You are vulnerable to cold.
You need no food.
You have no legs.
You are immune to negative energy.


Message History

The centaur hits you but does no damage.
The giant frog hits you.
* * * LOW HITPOINT WARNING * * *
Drink which item? (? for menu, Esc to quit)
Okay, then.
You slash the centaur!
The centaur is almost dead.
The centaur hits you but does no damage.
The giant frog hits you but does no damage.
You hit the centaur.
You kill the centaur!
Makhleb accepts your kill. The giant frog hits you.
* * * LOW HITPOINT WARNING * * *
You barely miss the giant frog.
The giant frog is heavily wounded.
The giant frog hits you.
* * * LOW HITPOINT WARNING * * *
The giant frog hits you.
You die... ∙∙▒ ▒∙∙▒ ∙∙∙∙

▒∙∙▒ ▒∙∙∙%∙∙∙ ▒∙∙▒
▒[∙∙∙∙∙∙$ ▒∙∙▒
▒∙∙∙∙∙∙∙∙▒ ▒∙∙▒
▒∙∙∙∙∙∙∙∙▒ ▒∙∙▒
▒∙∙∙∙∙∙∙$▒
▒∙∙▒▒▒▒▒▒∙∙∙∙∙∙∙∙▒
▒▒▒▒▒▒∙<∙∙∙)@F∙∙))∙∙∙∙▒
∙∙∙∙∙∙∙∙∙∙▒▒▒▒(∙∙(∙∙∙∙∙▒
∙∙∙∙∙∙∙∙∙∙▒ ▒(∙∙((∙∙∙∙▒
▒▒▒▒▒▒∙∙∙▒ ▒(∙((∙∙∙∙∙▒
▒∙∙∙▒ ▒(∙∙∙∙∙∙∙∙▒ ▒∙∙I▒
▒(∙∙∙∙∙∙∙∙∙∙∙ ▒/∙∙▒
▒(∙∙∙▒▒■▒▒▒▒▒
∙∙∙∙∙∙∙∙∙∙∙▒ ▒∙(∙∙▒
■▒▒▒▒∙∙∙∙∙▒ ▒∙∙∙∙▒


You could see a giant frog.

Vanquished Creatures
  Menkaure (D:6)
  2 sky beasts (D:6)
  An ice beast (D:7)
  5 ogres
  3 centaurs
  A giant frog (D:6)
  A crimson imp (D:6)
  A jelly (D:6)
  A hound (D:5)
  A giant frog skeleton (D:6)
  4 worker ants
  5 adders
  A worm (D:5)
  2 giant geckos
  3 orcs (D:5)
  2 ball pythons (D:2)
  A bat skeleton (D:6)
  A bat zombie (D:5)
  5 giant cockroaches
  7 goblins
  10 hobgoblins
  7 jackals
  17 kobolds
  A quokka (D:2)
  9 bats
  A giant gecko zombie (D:5)
  5 giant newts
  A hobgoblin zombie (D:6)
  A kobold zombie (D:6)
  An orc skeleton (D:4)
  12 rats
113 creatures vanquished.

Vanquished Creatures (others)
  A hobgoblin (D:7)
1 creature vanquished.

Grand Total: 114 creatures vanquished

Notes
Turn   | Place    | Note
--------------------------------------------------------------
     0 | D:1      | Daniel, the Djinni Gladiator, began the quest for the Orb.
     0 | D:1      | Reached XP level 1. HP: 15/15 MP: 0/0
   114 | D:1      | Reached XP level 2. EP: 21/21
   319 | D:1      | Reached skill level 4 in Long Blades
   457 | D:1      | Reached XP level 3. EP: 27/27
   857 | D:2      | Found a deep blue altar of Sif Muna.
  1153 | D:3      | Reached XP level 4. EP: 33/33
  1334 | D:3      | Reached skill level 5 in Long Blades
  1436 | D:3      | Noticed Daniel's ghost (average HEGl)
  1518 | D:5      | Entered Level 5 of the Dungeon
  1518 | D:5      | Found a staircase to the Ecumenical Temple.
  1546 | Temple   | Entered the Ecumenical Temple
  1572 | Temple   | Became a worshipper of Makhleb the Destroyer
  1590 | D:5      | Noticed an ogre
  1648 | D:5      | Killed an ogre
  1648 | D:5      | Reached skill level 6 in Long Blades
  1648 | D:5      | Reached XP level 5. EP: 15/40
  1671 | D:5      | Found a blossoming altar of Fedhas.
  2006 | D:4      | Noticed an ogre
  2036 | D:4      | Killed an ogre
  2036 | D:4      | Reached skill level 7 in Long Blades
  2036 | D:4      | Reached XP level 6. EP: 42/46
  2038 | D:4      | Acquired Makhleb's first power
  2227 | D:5      | Noticed an ogre
  2239 | D:5      | Killed an ogre
  2275 | D:5      | Noticed an ice beast
  2477 | D:6      | Noticed Menkaure
  2485 | D:6      | Killed Menkaure
  2485 | D:6      | Reached skill level 8 in Long Blades
  2485 | D:6      | Reached XP level 7. EP: 31/51
  2559 | D:6      | Reached skill level 9 in Long Blades
  2850 | D:6      | Acquired Makhleb's second power
  2914 | D:6      | Reached XP level 8. EP: 43/58
  2939 | D:6      | Reached skill level 1 in Invocations
  2960 | D:6      | Reached skill level 10 in Long Blades
  3174 | D:7      | HP: 2/61 [giant frog (2)]
  3174 | D:7      | Slain by a giant frog

Action                   |  1- 3 |  4- 6 |  7- 9 || total
-------------------------+-------+-------+-------++-------
Melee: Falchion          |   193 |    39 |       ||   232
       Long sword        |       |   116 |   103 ||   219
Throw: Throwing net      |     3 |     7 |       ||    10
Evoke: Wand              |     1 |    20 |    13 ||    34
  Use: Scroll            |       |     3 |     3 ||     6
       Potion            |       |       |     4 ||     4
 Stab: Held in net/web   |     1 |       |       ||     1
       Confused          |       |     1 |       ||     1
       Paralysed         |       |     3 |     6 ||     9
